 Dungeon Crawl Stone Soup version 0.28.0-43-g3370ac3207 (webtiles) character file.

Game seed: 7251001653483803090

865 jimonade the Firebug (level 8, -22/57 HPs)
             Began as a Gnoll Wanderer on Mar 16, 2022.
             Annihilated by a two-headed ogre
             ... wielding a +0 giant spiked club
              (28 damage)
             ... on level 4 of the Dungeon.
             The game lasted 00:14:33 (5423 turns).

jimonade the Firebug (Gnoll Wanderer)               Turns: 5423, Time: 00:14:34

Health: -22/57     AC: 14    Str: 12    XL:     8   Next: 3%
Magic:  14/14      EV:  3    Int: 17    God:
Gold:   232        SH:  0    Dex: 12    Spells: 14/15 levels left

rFire   . . .      SeeInvis .   l - +6 mace of Gloom {vorpal, *Corrode rN+++ Int+4 Stlth+}
rCold   + . .      Faith    .   (no shield)
rNeg    + + +      Spirit   .   o - +0 plate armour {rC+}
rPois   .          Reflect  .   t - +0 helmet
rElec   .          Harm     .   c - +0 cloak
rCorr   .          Rampage  .   (no gloves)
Will    .....                   (no boots)
Stlth   ..........              (no amulet)
HPRegen 0.19/turn               (no ring)
MPRegen 0.14/turn               (no ring)

@: no status effects
A: fangs 1, strong nose, distributed training
a: no special abilities


You were on level 4 of the Dungeon.
You visited 1 branch of the dungeon, and saw 4 of its levels.

You collected 232 gold pieces.

Inventory:

Hand Weapons
 a - a +2 hand crossbow
 h - a +2 mace of holy wrath
 l - the +6 mace of Gloom (weapon) {vorpal, *Corrode rN+++ Int+4 Stlth+}
   (You found it on level 2 of the Dungeon)

   It inflicts extra damage upon your enemies.
   Int:       It affects your intelligence (+4).
   rN:        It renders you almost immune to negative energy.
   *Corrode:  It may corrode you when you take damage.
   Stlth:     It makes you more stealthy.
Missiles
 b - 23 bolts
 k - 168 stones
 p - 35 arrows
 x - 4 boomerangs
Armour
 c - a +0 cloak (worn)
 d - a +0 robe
 n - a +0 ring mail
 o - a +0 plate armour of cold resistance (worn)
 t - a +0 helmet (worn)
Scrolls
 e - 3 scrolls of amnesia {unknown}
 g - a scroll of torment {unknown}
 j - a scroll of noise {unknown}
 m - a scroll of blinking {unknown}
 q - 3 scrolls of teleportation {unknown}
 s - a scroll of identify
 u - a scroll of silence {unknown}
Potions
 f - a potion of berserk rage {unknown}
 i - a potion of curing
 r - 3 potions of brilliance
 v - a potion of heal wounds {unknown}


   Skills:
 + Level 2.8 Fighting
 + Level 2.8 Short Blades
 + Level 2.8 Long Blades
 + Level 2.8 Axes
 + Level 2.8 Maces & Flails
 + Level 2.8 Polearms
 + Level 2.8 Staves
 + Level 2.8 Slings
 + Level 2.8 Bows
 + Level 5.4 Crossbows
 + Level 3.9 Throwing
 + Level 3.9 Armour
 + Level 2.8 Dodging
 + Level 3.7 Stealth
 + Level 2.8 Shields
 + Level 2.8 Unarmed Combat
 + Level 4.0 Spellcasting
 + Level 2.3 Conjurations
 + Level 2.3 Hexes
 + Level 2.3 Summonings
 + Level 2.3 Necromancy
 + Level 2.3 Translocations
 + Level 2.3 Transmutations
 + Level 7.5 Fire Magic
 + Level 2.3 Ice Magic
 + Level 2.3 Air Magic
 + Level 2.3 Earth Magic
 + Level 2.3 Poison Magic
 + Level 3.1 Invocations
 + Level 2.8 Evocations


You had 14 spell levels left.
You knew the following spells:

 Your Spells              Type           Power      Damage    Failure   Level
a - Foxfire               Conj/Fire      80%        2x1d8     98%         1

Your spell library contained the following spells:

 Spells                   Type           Power      Damage    Failure   Level
 Blink                    Tloc           22%        N/A       100%        2
 Inner Flame              Hex/Fire       20%        N/A       100%        3
 Lesser Beckoning         Tloc           11%        N/A       100%        3
 Manifold Assault         Tloc           11%        N/A       100%        5
 Malign Gateway           Summ/Tloc      5%         N/A       100%        7
 Summon Horrible Things   Summ           5%         N/A       100%        8


Dungeon Overview and Level Annotations

Branches:
Dungeon (4/15)
 Temple: D:4-7

Altars:
Gozag
Kikubaaqudgha
Ru
Vehumet

Shops:
D:1 =


Innate Abilities, Weirdness & Mutations

You have very sharp teeth.
Your uncanny sense of smell can sniff out nearby items.
Your experience applies equally to all skills.


Message History

You sock the giant cockroach!
You kill the giant cockroach!
The dart slug launches a dart at you. The slug dart hits you.
The dart slug launches a dart at you.
The slug dart hits you but does no damage.
There is a stone staircase leading up here.
You hit the dart slug.
You bite the dart slug, but do no damage.
The dart slug is heavily wounded.
The dart slug barely misses you.
You thump the dart slug!
You kill the dart slug!
A two-headed ogre is nearby!
The two-headed ogre shouts in stereo!
You hit the two-headed ogre.
The two-headed ogre is lightly wounded.
The two-headed ogre hits you with a +0 giant spiked club!
The two-headed ogre hits you but does no damage.
You hit the two-headed ogre.
You bite the two-headed ogre, but do no damage.
The two-headed ogre is moderately wounded.
The two-headed ogre hits you with a +0 giant spiked club!
The two-headed ogre hits you with a +0 giant spiked club!!
* * * LOW HITPOINT WARNING * * *
You hit the two-headed ogre.
The two-headed ogre is moderately wounded.
The two-headed ogre hits you but does no damage.
The two-headed ogre hits you with a +0 giant spiked club!
* * * LOW HITPOINT WARNING * * *
A kobold comes into view. It is wielding a +0 short sword.
The kobold moves out of view.
You hit the two-headed ogre.
The two-headed ogre is moderately wounded.
The two-headed ogre hits you but does no damage. x2
Unknown command.
You hit the two-headed ogre. You bite the two-headed ogre.
The two-headed ogre is heavily wounded.
The two-headed ogre hits you with a +0 giant spiked club!!
You die...

....... ..###..# ##>.### #
.......#. .#..# ##.....## #
..)....w###...# #..###..##
# #B....#.#####.##
##..##### ###J.......#..#
##....## ####.###.#....##
####... #......#...#.####
###. #......#.O##....## #.
#.........@####..# #.
#.......##<# ##.##### ##.
#......###.####......####..
#......# #.#...............
#.###..# #...#####.......##
#.# ##.###..##...##.....##.
#.# #.....##.....##...##..
#.# #####.#.......#...#...
#.# #.#.....รท.'...'.).


You could see a two-headed ogre.

Vanquished Creatures
  Sigmund (D:2)
  A wyvern (D:3)
  2 black bears
  2 scorpions (D:4)
  An orc priest (D:4)
  An iguana (D:4)
  4 gnolls (D:4)
  7 adders
  4 worms
  4 dart slugs
  2 orcs
  4 ball pythons
  8 endoplasms
  7 giant cockroaches
  6 goblins
  7 hobgoblins
  3 jackals (D:1)
  2 quokkas
  6 bats (D:3)
  2 frilled lizards (D:2)
  12 kobolds
  9 rats
95 creatures vanquished.

Vanquished Creatures (others)
  71 foxfires
71 creatures vanquished.

Grand Total: 166 creatures vanquished

Notes
Turn   | Place    | Note
-------+----------+-------------------------------------------
     0 | D:1      | jimonade the Gnoll Wanderer began the quest for the Orb.
     0 | D:1      | jimonade set off with the following items: a +2 hand
                  | crossbow, 24 bolts, a +0 cloak, a +0 robe; and the
                  | following spell memorised: Foxfire; and the following
                  | spells available to memorise: Inner Flame
     0 | D:1      | Reached XP level 1. HP: 13/13 MP: 4/4
    18 | D:1      | Found Tenosix's Jewellery Emporium.
   172 | D:1      | Reached XP level 2. HP: 19/19 MP: 0/5
   588 | D:1      | Reached XP level 3. HP: 13/25 MP: 1/7
  1200 | D:1      | Reached skill level 1 in Invocations
  1240 | D:2      | Identified the +6 mace of Gloom {vorpal, *Corrode rN+++
                  | Int+4 Stlth+}
  1385 | D:2      | Reached skill level 1 in Fighting
  1385 | D:2      | Reached skill level 1 in Short Blades
  1385 | D:2      | Reached skill level 1 in Long Blades
  1385 | D:2      | Reached skill level 1 in Axes
  1385 | D:2      | Reached skill level 1 in Maces & Flails
  1385 | D:2      | Reached skill level 1 in Polearms
  1385 | D:2      | Reached skill level 1 in Staves
  1385 | D:2      | Reached skill level 1 in Slings
  1385 | D:2      | Reached skill level 1 in Bows
  1385 | D:2      | Reached skill level 1 in Dodging
  1385 | D:2      | Reached skill level 1 in Shields
  1385 | D:2      | Reached skill level 1 in Unarmed Combat
  1385 | D:2      | Reached skill level 1 in Evocations
  1638 | D:2      | Found a faded altar of an unknown god.
  1698 | D:2      | Noticed Sigmund
  1708 | D:2      | Killed Sigmund
  1709 | D:2      | Reached skill level 1 in Conjurations
  1709 | D:2      | Reached skill level 1 in Hexes
  1709 | D:2      | Reached skill level 1 in Summonings
  1709 | D:2      | Reached skill level 1 in Necromancy
  1709 | D:2      | Reached skill level 1 in Translocations
  1709 | D:2      | Reached skill level 1 in Transmutations
  1709 | D:2      | Reached skill level 1 in Ice Magic
  1709 | D:2      | Reached skill level 1 in Air Magic
  1709 | D:2      | Reached skill level 1 in Earth Magic
  1709 | D:2      | Reached skill level 1 in Poison Magic
  1709 | D:2      | Reached XP level 4. HP: 12/33 MP: 8/8
  1709 | D:2      | Reached XP level 5. HP: 14/38 MP: 9/9
  2689 | D:3      | Reached XP level 6. HP: 25/44 MP: 10/10
  2873 | D:3      | Found a sacrificial altar of Ru.
  2874 | D:3      | Found an ancient bone altar of Kikubaaqudgha.
  2874 | D:3      | Found an opulent altar of Gozag.
  3668 | D:3      | Found a radiant altar of Vehumet.
  3895 | D:4      | Reached skill level 5 in Crossbows
  4279 | D:4      | Noticed a black bear
  4468 | D:4      | Noticed a black bear
  4500 | D:3      | Killed a black bear
  4501 | D:3      | Reached XP level 7. HP: 34/50 MP: 12/12
  5176 | D:4      | Noticed a wyvern
  5181 | D:4      | Noticed a two-headed ogre
  5196 | D:3      | Killed a wyvern
  5197 | D:3      | Reached XP level 8. HP: 19/57 MP: 12/14
  5423 | D:4      | Annihilated by a two-headed ogre

Illustrated notes

Levels and vault maps discovered:
D:1:      dpeg_arrival_pits, layout_basic, serial_shops,
          nicolae_shop_window_shopping
D:2:      layout_loops_ring, shapermc_ecumenical_altar_pompeii, uniq_sigmund
D:3:      minmay_chambers_of_twos, layout_basic,
          chequers_temple_overflow_statue_of_worship,
          minmay_fractal_squares_diagonal_5
D:4:      kennysheep_six_static_rooms, layout_rooms, serial_curves,
          eino_curves_04, eino_curves_03, hangedman_abyss_or_decor_stabs,
          minivault_26, minmay_manual_mail, uniq_pikel

Skill      XL: |  1  2  3  4  5  6  7 |
---------------+----------------------+-----
Invocations    | 1 2 3 |  3.1
Fighting       | 1 2 |  2.8
Short Blades   | 1 2 |  2.8
Long Blades    | 1 2 |  2.8
Axes           | 1 2 |  2.8
Maces & Flails | 1 2 |  2.8
Polearms       | 1 2 |  2.8
Staves         | 1 2 |  2.8
Slings         | 1 2 |  2.8
Bows           | 1 2 |  2.8
Dodging        | 1 2 |  2.8
Shields        | 1 2 |  2.8
Unarmed Combat | 1 2 |  2.8
Evocations     | 1 2 |  2.8
Throwing       | 3 |  3.9
Armour         | 3 |  3.9
Spellcasting   | 3 4 |  4.0
Conjurations   | 1 2 |  2.3
Hexes          | 1 2 |  2.3
Summonings     | 1 2 |  2.3
Necromancy     | 1 2 |  2.3
Translocations | 1 2 |  2.3
Transmutations | 1 2 |  2.3
Ice Magic      | 1 2 |  2.3
Air Magic      | 1 2 |  2.3
Earth Magic    | 1 2 |  2.3
Poison Magic   | 1 2 |  2.3
Stealth        | 3 |  3.7
Crossbows      | 5 |  5.4
Fire Magic     | |  7.5

Action                   |  1- 3 |  4- 6 |  7- 9 || total
-------------------------+-------+-------+-------++-------
Melee: Mace              |    43 |   117 |    48 ||   208
       Bite              |     2 |     9 |     4 ||    15
       Punch             |     1 |     6 |     1 ||     8
 Fire: Hand crossbow     |     2 |       |       ||     2
 Cast: Foxfire           |    42 |       |       ||    42
  Use: Scroll            |       |     4 |       ||     4
 Stab: Sleeping          |     1 |       |       ||     1
Armor: Robe              |    10 |       |       ||    10
       Ring mail         |     4 |       |       ||     4
       Plate armour      |     3 |   120 |    48 ||   171
Dodge: Dodged            |    23 |    24 |    10 ||    57
